Map: Frozen Temple

Players

Rayvenx - Winner!

  • Race: Terran Terran
  • League: Diamond

A.I. 1 (Elite)

  • Race: Terran Terran

VOD

Have the link to the VOD?

Description

Time

  • Played on: May 16, 2016, 4:53 p.m.
  • Length: 5:43
Show
View Real Time Build Order
Export as new Build Order

Rayvenx Terran - Winner!

Build Orders:  

Get SALT Encoding   

  12  0:08  Supply Depot  
  12  0:17  Refinery  
  12  0:35  Barracks  
  12  0:56  Barracks  
  12  1:02  SCV  
  13  1:14  SCV  
  14  1:22  Reaper  
  15  1:37  Barracks  
  15  1:46  Reaper  
  16  1:48  SCV  
  17  1:55  Reaper  
  18  2:03  Refinery  
  18  2:19  Reaper  
  19  2:26  Reaper  
  20  2:32  Reaper  
  20  2:33  Supply Depot  
  21  2:51  Reaper  
  21  2:58  Reaper  
  23  3:05  Reaper  
  23  3:11  SCV  
  25  3:26  Reaper, SCV  
  27  3:32  Reaper  
  28  3:50  Reaper  
  28  3:53  SCV  
  30  4:03  Reaper  
Show
View Real Time Build Order
Export as new Build Order

A.I. 1 (Elite) Terran 

Build Orders:  

Get SALT Encoding   

  12  0:00  SCV  
  13  0:13  SCV  
  14  0:20  Supply Depot  
  14  0:25  SCV  
  15  0:41  SCV  
  16  0:43  Barracks  
  16  0:53  SCV  
  17  1:05  SCV  
  18  1:17  SCV  
  19  1:19  Supply Depot  
  19  1:23  Refinery  
  19  1:30  Marine, SCV  
  21  1:42  SCV  
  22  1:48  Marine  
  22  1:51  Barracks  
  22  1:54  SCV  
  24  1:58  Refinery  
  24  2:04  Supply Depot  
  24  2:06  Marine, Orbital Command  
  25  2:24  Marine  
  25  2:27  Factory  
  26  2:31  SCV  
  27  2:44  Marine, SCV  
  28  2:45  Marine  
  29  2:56  SCV  
  28  3:02  Barracks Tech Lab  
  28  3:04  Barracks Tech Lab  
  25  3:10  SCV  
  16  3:20  Marine  
  16  3:22  Marine, SCV  
  12  3:34  SCV  
  12  3:38  Marine  
  10  3:46  SCV  
  4  3:58  SCV  
Tags
 
League
Diamond
Matchup
TvT
Race
Terran
Add a new tag
Caveats
  • Supply blocks, unpowered buildings, or Contaminate may cause inaccurate times.
  • Supply counts are checked every 10 seconds.